General information
- name: BNet
- type: Ladder 1vs1/FFA
- host: Battle.net
- saver: lowlives
map: GnollWood
- players: 2
- length: 21:57
- speed: Fast
- version: 1.27 W3XP
- replay type: Public
» download(94 KB)
Players
team 1 (loser)
MrSensei2001 (
purple | 204 APM | 4465 actions | 21:55)
4 Archmage
2 Summon Water Elemental
2 Brilliance Aura
4 Firelord
2 Summon Lava Spawn
2 Soul Burn
» actions
| Assign group hotkey | 91 | |
| Basic commands | 362 | |
| Build / train | 124 | |
| ESC pressed | 20 | |
| Enter build submenu | 28 | |
| Enter hero's abilities submenu | 8 | |
| Give item / drop item | 2 | |
| Remove unit from queue | 1 | |
| Right click | 1346 | |
| Select / deselect | 759 | |
| Select group hotkey | 1525 | |
| Use ability | 199 | |
4465 total
» units
| Peasant | 17 | |
| Footman | 9 | |
| Sorceress | 12 | |
| Mortar Team | 11 | |
| Spell Breaker | 3 | |
| Rifleman | 2 | |
54 total
» upgrades
| Defend | 1 | |
| Lumber Harvesting | 1 | |
| Flare | 1 | |
| Masonry | 1 | |
| Sorceress Training | 1 | |
| Gunpowder | 1 | |
6 total
» buildings
| Altar of Kings | 1 | |
| Barracks | 1 | |
| Farm | 7 | |
| Scout Tower | 13 | |
| Arcane Tower | 4 | |
| Keep | 3 | |
| Arcane Vault | 1 | |
| Lumber Mill | 1 | |
| Blacksmith | 1 | |
| Arcane Sanctum | 1 | |
| Workshop | 1 | |
| Guard Tower | 6 | |
| Town Hall | 4 | |
44 total
» build order
00:05 Altar of Kings
00:19 Barracks
00:35 Farm
00:50 Farm
01:29 Scout Tower
01:56 Arcane Tower
01:56 Arcane Tower
02:39 Keep
02:39 Keep
02:57 Farm
03:01 Arcane Vault
03:45 Lumber Mill
04:39 Farm
04:46 Farm
05:49 Blacksmith
06:52 Arcane Sanctum
06:55 Scout Tower
07:15 Workshop
08:43 Farm
09:47 Guard Tower
10:13 Town Hall
10:15 Scout Tower
10:16 Scout Tower
10:17 Scout Tower
11:38 Farm
14:32 Town Hall
17:57 Town Hall
17:59 Scout Tower
18:01 Scout Tower
18:02 Scout Tower
18:03 Scout Tower
19:49 Town Hall
19:51 Scout Tower
19:52 Scout Tower
19:53 Scout Tower
19:55 Scout Tower
21:12 Guard Tower
21:12 Guard Tower
21:12 Guard Tower
» items
| Scroll of Regeneration | 5 | |
| Scroll of Town Portal | 3 | |
8 total
team 2 (winner)
lowlives (
orange | 108 APM | 2377 actions | 21:57)
5 Warden
3 Fan of Knives
2 Shadow Strike
4 Pandaren Brewmaster
2 Breath of Fire
2 Drunken Brawler
» actions
| Assign group hotkey | 32 | |
| Basic commands | 104 | |
| Build / train | 70 | |
| Enter build submenu | 14 | |
| Enter hero's abilities submenu | 9 | |
| Give item / drop item | 3 | |
| Remove unit from queue | 1 | |
| Right click | 885 | |
| Select / deselect | 476 | |
| Select group hotkey | 680 | |
| Use ability | 103 | |
2377 total
» units
| Wisp | 14 | |
| Archer | 3 | |
| Forest Troll Shadow Priest | 3 | |
| Forest Troll Berserker | 2 | |
| Dryad | 7 | |
| Druid of the Claw | 3 | |
32 total
» upgrades
| Abolish Magic | 1 | |
| Strength of the Wild | 2 | |
| Moon Armor | 4 | |
| Druid of the Claw Training | 2 | |
9 total
» buildings
| Altar of Elders | 1 | |
| Moon Well | 5 | |
| Ancient of War | 1 | |
| Tree of Ages | 1 | |
| Ancient of Wonders | 1 | |
| Hunter's Hall | 1 | |
| Ancient of Lore | 2 | |
| Tree of Eternity | 1 | |
| Tree of Life | 1 | |
14 total
» build order
00:12 Altar of Elders
00:18 Moon Well
00:45 Ancient of War
01:45 Moon Well
03:20 Tree of Ages
04:31 Ancient of Wonders
04:52 Hunter's Hall
06:30 Ancient of Lore
06:42 Moon Well
07:08 Ancient of Lore
08:54 Moon Well
08:58 Moon Well
10:53 Tree of Eternity
12:01 Tree of Life
» items
| Boots of Speed | 1 | |
| Periapt of Vitality | 1 | |
| Staff of Preservation | 1 | |
| Moonstone | 1 | |
| Lesser Clarity Potion | 3 | |
| Potion of Mana | 2 | |
| Orb of Venom | 1 | |
| Scroll of Town Portal | 1 | |
11 total
Chat log
(12:32 / All) MrSensei2001: i hope u dont hack
(12:44 / All) lowlives: no :)
(12:46 / All) MrSensei2001: looks like u do IMO
(12:52 / All) MrSensei2001: just lucky?
(13:04 / All) lowlives: just game sense
(13:08 / All) MrSensei2001: lol
(13:09 / All) MrSensei2001: wow
(21:50 / All) MrSensei2001: i gotta report this game
(21:52 / All) MrSensei2001: GL man